 Dungeon Crawl Stone Soup version 0.31-a0-246-g8cbcc1c (webtiles) character file.

Game seed: 18295064430741198817

4395 BingusPrime the Covert (level 10, -1/69 HPs)
             Began as an Octopode Shapeshifter on July 12, 2023.
             Slain by a wyvern (5 damage)
             ... while petrified by a basilisk
             ... on level 8 of the Dungeon.
             The game lasted 00:17:36 (7422 turns).

BingusPrime the Covert (Octopode Shapeshifter)      Turns: 7422, Time: 00:17:37

Health: -1/69      AC:  1    Str: 24    XL:     10   Next: 35%
Magic:  19/19      EV:  2    Int: 11    God:
Gold:   343        SH:  0    Dex: 13    Spells: 9/9 levels left

rFire   + .          .
                       - Unarmed
rCold   x . .        (no shield)
rNeg    + + +        (helmet currently unavailable)
rPois   ∞            A - amulet of reflection
rElec   .            c - ring of fire
rCorr   .            n - +6 ring of strength
SInv    .            q - ring of magical power
Will    .....        s - ring of wizardry
Stlth   +++++        u - ring of flight
HPRegen 0.31/turn    I - ring of positive energy
MPRegen 0.16/turn    (no ring)
                     (no ring)

%: reflection, wizardry (x1)
@: beast-form, petrified, flying
A: beast (slay +5), almost no armour, amphibious, 8 rings, camouflage 1,
gelatinous body 1, (nimble swimmer 1), tentacles
a: no special abilities


You were on level 8 of the Dungeon.
You were a hulking beast.
You visited 1 branch of the dungeon, and saw 8 of its levels.
You also visited: Ossuary.

You collected 343 gold pieces.

Inventory:

Jewellery
 c - a ring of fire (left tentacle)
 i - an amulet of faith
 n - a +6 ring of strength (right tentacle)
 q - a ring of magical power (on tentacle)
 s - a ring of wizardry (on tentacle)
 u - a ring of flight (on tentacle)
 A - an amulet of reflection (around mantle)
 I - a ring of positive energy (on tentacle)
Talismans
 b - a beast talisman
Wands
 E - a wand of iceblast (10)
Scrolls
 a - a scroll of enchant armour {unknown}
 d - 2 scrolls of teleportation {unknown}
 f - a scroll of fear
 h - 2 scrolls of silence {unknown}
 j - 2 scrolls of vulnerability {unknown}
 k - 2 scrolls of amnesia
 m - 3 scrolls of brand weapon
 p - a scroll of immolation {unknown}
 v - 2 scrolls of fog
 x - 2 scrolls of poison {unknown}
 y - a scroll of butterflies {unknown}
 D - a scroll of enchant weapon {unknown}
 J - a scroll of noise {unknown}
Potions
 e - a potion of ambrosia
 g - 3 potions of curing
 l - a potion of magic {unknown}
 o - a potion of attraction {unknown}
 r - 3 potions of brilliance
 t - a potion of heal wounds {unknown}
 w - 3 potions of enlightenment
 z - 2 potions of lignification
 B - 2 potions of degeneration {unknown}
 C - a potion of might {unknown}
 F - a potion of cancellation {unknown}
 G - 2 potions of mutation {unknown}
 K - a potion of haste {unknown}
Miscellaneous
 H - a phantom mirror


   Skills:
 + Level 6.5 Fighting
 + Level 6.4 Dodging
 + Level 8.0 Stealth
 + Level 6.2 Unarmed Combat
 * Level 7.9 Shapeshifting


You had 9 spell levels left.
You didn't know any spells.
Your spell library contained the following spells:

 Spells                   Type           Power      Damage    Failure   Level
 Static Discharge         Conj/Air       0%         2-2/arc   21%         2
 Sublimation of Blood     Necr           0%         N/A       21%         2
 Wereblood                Tmut           0%         N/A       21%         2
 Dazzling Flash           Conj/Hex       0%         N/A       38%         3
 Stone Arrow              Conj/Erth      0%         3d7       38%         3
 Vhi's Electric Charge    Tloc/Air       0%         N/A       38%         3
 Airstrike                Air            0%         2d(0-16)  77%         4
 Summon Lightning Spire   Summ/Air       0%         N/A       77%         4
 Agony                    Necr           0%         N/A       98%         5
 Arcjolt                  Conj/Air       0%         1d10      98%         5
 Silence                  Hex/Air        0%         N/A       98%         5
 Summon Hydra             Summ           0%         N/A       100%        7
 Lehudib's Crystal Spear  Conj/Erth      0%         10d2      100%        8
 Maxwell's Capacitive Co  Air            0%         ∞         100%        8
 Animate Armour           Summ/Erth      Unusable   N/A       N/A         4

Dungeon Overview and Level Annotations

Branches:
Dungeon (8/15)             Temple (0/1) D:4            Lair (0/5) D:8
Ossuary (visited)

Altars:
Ashenzari
Nemelex Xobeh
Ru
Zin

Shops:
D:3 (   D:6 *

Annotations:
D:6 2 transporters, Mango's ghost, novice FoFi


Innate Abilities, Weirdness & Mutations

You are a hulking beast.
Your limbs bulge with bestial killing power. (Slay +5)
You are immune to poison.
You cannot wear most types of armour.
You are amphibious.
You can wear up to eight rings at the same time.
Your skin changes colour to match your surroundings (Stealth+).
Your rubbery body absorbs attacks. (AC +1, EV +1)
((You are camouflaged when in or above water. (Stealth+)))
You have tentacles for arms and can constrict up to eight enemies at once.


Message History

You turn to flesh and can move again.
You tentacle-slap the basilisk. You grab the basilisk.
You squeeze the basilisk!
The basilisk is moderately wounded.
You constrict the basilisk. The basilisk barely misses you.
You tentacle-slap the basilisk. You squeeze the basilisk!
The basilisk is severely wounded.
You constrict the basilisk. The basilisk completely misses you.
You bludgeon the basilisk! You tentacle-slap the basilisk.
You kill the basilisk!
Your Stealth skill increases to level 8!
The basilisk bites you!
You see here a basilisk corpse.
You tentacle-slap the basilisk. You grab the basilisk.
The basilisk is lightly wounded.
You constrict the basilisk. The basilisk misses you.
You tentacle-slap the basilisk. You squeeze the basilisk.
The basilisk is heavily wounded.
You constrict the basilisk. You tentacle-slap the basilisk.
The basilisk is heavily wounded.
You constrict the basilisk. The basilisk barely misses you.
You tentacle-slap the basilisk.
The basilisk is severely wounded.
You constrict the basilisk. The basilisk gazes at you.
You are slowing down.
The wyvern bites you!
You bludgeon the basilisk!
You kill the basilisk!
You block the wyvern's attack. The wyvern bites you!
Your limbs are stiffening.
The wyvern bites you. The wyvern bites you!
You have turned to stone.
The wyvern bites you! The wyvern bites you!!
* * * LOW HITPOINT WARNING * * *
The wyvern bites you!
* * * LOW HITPOINT WARNING * * *
The wyvern bites you!
* * * LOW HITPOINT WARNING * * *
The wyvern bites you!
You die...

#......###.####....####.....
######...........##....##........
................###....#........#
................#..........[.....
..........####.....#.##..........
........... #.....######.........
.........## #....#### #..........
....))...####...†##.###..####....
....)......##...hl..##....# #...#
#....))#..................###....
.......#####...).....#.##...##...
##.....## ##........####..####..
#......#####.<....#...###...####
##........#...####.....# #####
#.............# ........
...........##.# ......$...
..........####..P.......P.


You could see a wyvern.

Vanquished Creatures
  A slime creature (D:7)
  2 basilisks (D:8)
  2 steam dragons
  A water moccasin (D:8)
  4 black bears
  An orc warrior (D:7)
  3 sky beasts
  An ogre (D:5)
  2 centaurs
  4 phantoms
  2 kobold brigands
  2 bullfrogs (D:7)
  13 scorpions
  4 wights
  2 howler monkeys (D:7)
  4 hounds
  A human zombie (Ossuary)
  A centaur zombie (Ossuary)
  5 orc priests
  A jelly (D:5)
  3 iguanas
  2 sleepcaps
  Natasha (twice) (D:3)
  4 orc wizards
  4 scorpion zombies (Ossuary)
  3 mummies (Ossuary)
  6 adders
  A white imp (D:7)
  4 ufetubi
  3 worms
  3 dart slugs
  25 orcs
  4 ball pythons
  6 bats
  9 endoplasms
  3 giant cockroaches
  4 gnoll zombies (Ossuary)
  6 hobgoblins
  5 quokkas
  A frilled lizard (D:1)
  3 goblins
  3 goblin zombies (Ossuary)
  A hobgoblin zombie (Ossuary)
  13 kobolds
  3 kobold zombies (Ossuary)
  3 orc zombies (Ossuary)
  6 rats
186 creatures vanquished.

Notes
Turn   | Place    | Note
-------+----------+-------------------------------------------
     0 | D:1      | BingusPrime the Octopode Shapeshifter began the quest for
                  | the Orb.
     0 | D:1      | Reached XP level 1. HP: 14/14 MP: 1/1
   149 | D:1      | Reached XP level 2. HP: 19/19 MP: 2/2
   357 | D:1      | Reached XP level 3. HP: 24/24 MP: 3/3
  1604 | D:3      | Noticed Natasha
  1611 | D:3      | Killed Natasha
  1612 | D:3      | Reached skill level 1 in Stealth
  1612 | D:3      | Reached XP level 4. HP: 30/30 MP: 4/4
  1673 | D:3      | Noticed a phantom
  1878 | D:3      | Noticed Natasha
  1886 | D:3      | Killed Natasha
  1887 | D:3      | Reached XP level 5. HP: 36/36 MP: 5/5
  1914 | D:3      | Found a faded altar of an unknown god.
  1965 | D:3      | Found Famm's Antique Weapon Shop.
  1981 | D:3      | Killed a phantom
  1982 | D:3      | Reached skill level 2 in Stealth
  2165 | D:4      | Reached XP level 6. HP: 36/42 MP: 6/6
  2474 | D:4      | Found a staircase to the Ecumenical Temple.
  2747 | D:4      | Found a sand-covered staircase.
  2751 | Ossuary  | Entered an ossuary
  2769 | Ossuary  | Reached skill level 3 in Stealth
  2819 | Ossuary  | Reached XP level 7. HP: 36/46 MP: 7/7
  2890 | Ossuary  | Reached skill level 5 in Shapeshifting
  3066 | Ossuary  | Reached skill level 4 in Stealth
  3115 | Ossuary  | Reached XP level 8. HP: 49/54 MP: 8/8
  3719 | D:5      | Entered Level 5 of the Dungeon
  3763 | D:5      | Reached skill level 5 in Stealth
  3949 | D:5      | Found a sparkling altar of Nemelex Xobeh.
  4364 | D:5      | Found a broken altar of Ashenzari.
  4534 | D:6      | Found a sacrificial altar of Ru.
  4545 | D:6      | Reached skill level 5 in Fighting
  4545 | D:6      | Reached skill level 5 in Dodging
  4545 | D:6      | Reached XP level 9. HP: 35/61 MP: 9/9
  4695 | D:6      | Reached skill level 6 in Stealth
  4695 | D:6      | Reached skill level 5 in Unarmed Combat
  4736 | D:6      | Found a transporter.
  4740 | D:6      | Found a transporter.
  4741 | D:6      | Noticed Mango's ghost (novice FoFi)
  4742 | D:6      | Noticed a hornet
  4779 | D:6      | Noticed a queen bee
  4800 | D:6      | Found Zin's Purification Station.
  5472 | D:6      | Found a glowing silver altar of Zin.
  5997 | D:7      | Reached skill level 7 in Stealth
  6432 | D:7      | Reached XP level 10. HP: 39/68 MP: 10/10
  7147 | D:8      | Noticed a two-headed ogre
  7391 | D:8      | Found a staircase to the Lair.
  7391 | D:8      | Noticed a death yak
  7413 | D:8      | Reached skill level 8 in Stealth
  7422 | D:8      | Slain by a wyvern

Illustrated notes

Levels and vault maps discovered:
D:1:      dpeg_arrival_castle, layout_basic, patterned_corridor
D:2:      layout_basic, dk_noncrumbling_2
D:3:      layout_rooms, hellmonk_ecumenical_altar_arch_garden, serial_shops,
          nicolae_shop_gibbet_a_chance, uniq_natasha
D:4:      layout_layer_cave, minmay_temple_entry_arrows, enter_ossuary_5
D:5:      layout_basic, lemuel_tele_altar, mainiacjoe_overflow_chevrons,
          hangedman_abyss_or_decor_passed
D:6:      layout_basic, mainiacjoe_overflow_paths, zin_purify,
          gammafunk_ghost_hive
D:7:      minmay_clustersquares, layout_basic
D:8:      layout_cave_pools, mainiacjoe_overflow_surrounded_room,
          david_lair_generic, kennysheep_generic_room_13

Skill      XL: |  1  2  3  4  5  6  7  8  9 10 |
---------------+-------------------------------+-----
Stealth        | 1 2 3 4 5 7 8 |  8.0
Fighting       | 3 4 5 6 |  6.5
Dodging        | 3 4 5 6 |  6.4
Shapeshifting  | 4 5 6 7 |  7.9
Unarmed Combat | 3 4 5 6 |  6.2

Action                     |  1- 3 |  4- 6 |  7- 9 | 10-12 || total
---------------------------+-------+-------+-------+-------++-------
  Melee: Unarmed           |    60 |    80 |   201 |    49 ||   390
         Constrict         |    15 |    19 |    58 |    12 ||   104
         Tentacles         |    13 |    14 |    62 |    16 ||   105
         Punch             |       |       |     7 |     9 ||    16
    Use: Potion            |       |       |     2 |       ||     2
         Scroll            |       |       |     7 |     1 ||     8
   Stab: Sleeping          |     8 |     6 |    20 |     3 ||    37
         Distracted        |       |       |     1 |       ||     1
 Armour: Skin              |     3 |     3 |    37 |     1 ||    44
  Dodge: Dodged            |    34 |    41 |   106 |    38 ||   219
  Block: Other             |       |       |    21 |    13 ||    34
         Reflection        |       |       |     2 |       ||     2
         Form:             |     1 |       |       |       ||     1
         Beast             |     1 |       |       |       ||     1

Table legend: (Time is in decaauts)
 A = Elapsed time spent in this place.
 B = Non-inter-level travel time spent in this place.
 C = Inter-level travel time spent in this place.
 D = Time resting spent in this place.
 E = Time spent auto-exploring this place.
 F = Levels seen in this place.
 G = Mean time per level.
                   A        B        C        D        E       F      G
               +--------+--------+--------+--------+--------+-----+--------+
         Total |   7389 |   7059 |    330 |    358 |   5088 |   9 |  821.0 |
       Dungeon |   6719 |   6389 |    330 |    340 |   4832 |   8 |  839.9 |
       Ossuary |    670 |    670 |      0 |     18 |    256 |   1 |  670.0 |
               +--------+--------+--------+--------+--------+-----+--------+

Top non-repeatable levels by time:
     D:6: 1589 daAuts
     D:7: 908 daAuts
     D:4: 893 daAuts
     D:1: 871 daAuts
     D:5: 807 daAuts
     D:2: 714 daAuts
 Ossuary: 670 daAuts
     D:3: 553 daAuts
     D:8: 381 daAuts
